 Dungeon Crawl Stone Soup version 0.22-a0-772-gac08f70 (webtiles) character file.

1819 Amnesiac the Digger (level 8, -8/52 HPs)
             Began as a Demonspawn Earth Elementalist on July 17, 2018.
             Was a Follower of Ashenzari.
             Mangled by an orc warrior
             ... wielding a +0 flail
              (16 damage)
             ... on level 7 of the Dungeon.
             The game lasted 00:11:28 (5300 turns).

Amnesiac the Digger (Demonspawn Earth Elementalist) Turns: 5300, Time: 00:11:29

Health: -8/52      AC: 10    Str: 12    XL:     8   Next: 85%
Magic:  11/19      EV: 12    Int: 18    God:    Ashenzari [*.....]
Gold:   467        SH:  0    Dex: 18    Spells: 10/22 levels left

rFire    . . .     SeeInvis .   a - +0 dagger
rCold    . . .     Gourm    .   (no shield)
rNeg     . . .     Faith    .   j - +3 leather armour {MR+}
rPois    .         Spirit   .   (helmet restricted)
rElec    .         Reflect  .   n - +0 cloak
rCorr    .         Harm     .   (no gloves)
MR       +....                  (no boots)
Stlth    ++........             (no amulet)
HPRegen  0.17/turn              r - +3 ring of strength
MPRegen  0.16/turn              o - +4 ring of dexterity

@: no status effects
A: horns 1, slimy green scales 2, demonic guardian 1
a: Curse Item, Scrying, Renounce Religion


You were on level 7 of the Dungeon.
You worshipped Ashenzari.
Ashenzari was aware of your devotion.
You were not hungry.

You visited 1 branch of the dungeon, and saw 7 of its levels.
You also visited: Ossuary.

You collected 588 gold pieces.
You spent 121 gold pieces at shops.

Inventory:

Hand Weapons
 a - a +0 dagger (weapon)
 b - a +8 blowgun
Missiles
 p - 6 curare-tipped needles
 y - 22 stones (quivered)
Armour
 j - a +3 leather armour of magic resistance (worn)
 n - a +0 cloak (worn)
Jewellery
 o - a +4 ring of dexterity (right hand)
 r - a +3 ring of strength (left hand)
Wands
 x - a wand of digging (8)
Scrolls
 e - a scroll of identify {!r}
 g - a scroll of remove curse {!r}
 h - 3 scrolls of teleportation {!r}
 m - a scroll of fear {!r}
 t - 2 scrolls of magic mapping {!r}
 u - a scroll of amnesia {!r}
Potions
 c - 4 potions of haste {!q}
 f - 2 potions of resistance {!q}
 i - 4 potions of curing {!q}
 k - a potion of flight {!q}
 q - a potion of cancellation {!q}
 s - a potion of ambrosia {!q}
 v - a potion of brilliance {!q}
 w - a potion of might {!q}
Comestibles
 d - 16 rations


   Skills:
 - Level 2.0 Short Blades
 - Level 2.4 Dodging
 - Level 2.0 Stealth
 + Level 7.5 Spellcasting
 - Level 1.0 Transmutations
 + Level 7.5 Earth Magic


You had 10 spell levels left.
You knew the following spells:

 Your Spells              Type           Power        Failure   Level  Hunger
a - Sandblast             Erth           ####..       1%          1    None
b - Passwall              Tmut/Erth      ###.....     3%          2    None
d - Lee's Rapid Deconstr  Erth           ####......   17%         5    #####..
e - Petrify               Tmut/Erth      ###.....     22%         4    ###....

Your spell library contained the following spells:

 Spells                   Type           Power        Failure   Level  Hunger
 Animate Dead             Necr           N/A          78%         4    ###....
 Pain                     Necr           #...         13%         1    None
 Animate Skeleton         Necr           N/A          13%         1    None
 Vampiric Draining        Necr           #.........   36%         3    #......
 Regeneration             Chrm/Necr      #.........   36%         3    #......
 Stone Arrow              Conj/Erth      ###...       9%          3    #......


Dungeon Overview and Level Annotations

Branches:
Dungeon (7/15)
 Temple: D:4-7

Altars:
Ashenzari
Fedhas
Trog
Uskayaw
Xom
Zin

Shops:
D:6 (


Innate Abilities, Weirdness & Mutations

You have a pair of small horns on your head.
You are mostly covered in slimy green scales. (AC +3)
A weak demonic guardian rushes to your aid.


Message History

Aim: an orc warrior, wielding a flail and wearing a plate armour The blast of sand hits the orc warrior.
y - 28 stones The orc closely misses your white imp.
Casting: Sandblast (safe; 1% risk of failure)
Confirm with . or Enter, or press ? or * to list all spells.
Aiming: Sandblast (safe; 1% risk of failure)
Press: ? - help, Shift-Dir - straight line, f/p - orc warrior
Aim: an orc warrior, wielding a flail and wearing a plate armour The blast of sand hits the orc warrior.
y - 27 stones The orc warrior barely misses you.
The orc hits your white imp with a flail!
Casting: Sandblast (safe; 1% risk of failure)
Confirm with . or Enter, or press ? or * to list all spells.
Aiming: Sandblast (safe; 1% risk of failure)
Press: ? - help, Shift-Dir - straight line, f/p - orc warrior
Aim: an orc warrior, wielding a flail and wearing a plate armour The blast of sand hits the orc warrior.
y - 26 stones The orc warrior closely misses you.
The orc closely misses your white imp.
Casting: Sandblast (safe; 1% risk of failure)
Confirm with . or Enter, or press ? or * to list all spells.
Aiming: Sandblast (safe; 1% risk of failure)
Press: ? - help, Shift-Dir - straight line, f/p - orc warrior
Aim: an orc warrior, wielding a flail and wearing a plate armour The blast of sand hits the orc warrior.
The orc warrior is lightly wounded.
y - 25 stones The orc warrior hits you with a flail!!
The orc hits your white imp with a flail.
Casting: Sandblast (safe; 1% risk of failure)
Confirm with . or Enter, or press ? or * to list all spells.
Aiming: Sandblast (safe; 1% risk of failure)
Press: ? - help, Shift-Dir - straight line, f/p - orc warrior
Aim: an orc warrior, wielding a flail and wearing a plate armour (lightly wounded)
The blast of sand hits the orc warrior.
The orc warrior is severely wounded.
y - 24 stones The orc warrior hits you with a flail!
* * * LOW HITPOINT WARNING * * *
The orc hits your white imp with a flail.
Your white imp dies!
Casting: Sandblast (safe; 1% risk of failure)
Confirm with . or Enter, or press ? or * to list all spells.
Aiming: Sandblast (safe; 1% risk of failure)
Press: ? - help, Shift-Dir - straight line, f/p - orc warrior
Aim: an orc warrior, wielding a flail and wearing a plate armour (severely wounded)
The blast of sand hits the orc warrior.
The orc warrior is almost dead.
y - 23 stones The orc warrior hits you with a flail!
* * * LOW HITPOINT WARNING * * *
Casting: Sandblast (safe; 1% risk of failure)
Confirm with . or Enter, or press ? or * to list all spells.
Aiming: Sandblast (safe; 1% risk of failure)
Press: ? - help, Shift-Dir - straight line, f/p - orc warrior
Aim: an orc warrior, wielding a flail and wearing a plate armour (almost dead)
The blast of sand hits the orc warrior.
The orc warrior is almost dead.
y - 22 stones All of the chunks of flesh in your inventory have rotted away.
The orc warrior hits you with a flail!
You die...

#.. #..# ###...###..#
#..?...'...#
###...†#...#.......
#....#...#........
#...o..#...#........
.......#..o#........
.......#..o#........
≈≈....####@#........
≈≈######...#........
#....#...'........ #
####....#...#........
#
#.......+...#........
#
#.......#####........
#
#.............##+####
# #..........[..# #
#.............+


You could see an orc warrior and an orc.

Vanquished Creatures
  Grinder (D:6)
  An ice beast (D:6)
  2 black bears
  A phantom (D:6)
  3 centaurs (D:5)
  The ghost of Hebeh the Magician, an amateur DEFE (D:3)
  2 elf zombies (Ossuary)
  2 bullfrogs
  A crimson imp (D:6)
  A centaur zombie (Ossuary)
  3 hounds
  A quasit (D:5)
  A gnoll shaman (D:4)
  An orc wizard (D:5)
  A bullfrog skeleton (D:7)
  A centaur skeleton (D:4)
  2 worker ants
  A big kobold zombie (Ossuary)
  A hound zombie (D:6)
  2 mummies (Ossuary)
  3 gnolls (D:4)
  6 adders
  A howler monkey skeleton (D:6)
  A shadow imp (D:6)
  An ooze (D:4)
  An adder zombie (D:4)
  A worm (D:2)
  5 dart slugs
  6 leopard geckos
  11 orcs
  7 giant cockroaches
  4 gnoll zombies (Ossuary)
  6 goblins
  7 hobgoblins
  8 jackals
  5 kobolds
  A quokka (D:6)
  2 ball pythons
  A ball python skeleton (D:4)
  9 bats
  5 frilled lizards
  2 goblin zombies (Ossuary)
  2 hobgoblin zombies (Ossuary)
  2 leopard gecko skeletons
  2 orc zombies (Ossuary)
  3 rats
131 creatures vanquished.

Vanquished Creatures (collateral kills)
  Blork the orc (D:4)
  An orc priest (D:5)
  A worker ant (D:4)
  A worker ant zombie (D:6)
  2 orcs
  A giant cockroach (D:4)
7 creatures vanquished.

Grand Total: 138 creatures vanquished

Notes
Turn   | Place    | Note
-------+----------+-------------------------------------------
     0 | D:1      | Amnesiac the Demonspawn Earth Elementalist began the quest for the Orb.
     0 | D:1      | Reached XP level 1. HP: 13/13 MP: 3/3
    11 | D:1      | You fall through a shaft!
   182 | D:2      | Gained mutation: You are partially covered in slimy green scales. (AC +2) [demonic ancestry]
   182 | D:2      | Reached XP level 2. HP: 19/19 MP: 1/5
   192 | D:2      | Learned a level 2 spell: Passwall
   215 | D:3      | Found a glowing silver altar of Zin.
   290 | D:3      | Reached skill level 1 in Transmutations
   652 | D:4      | Reached XP level 3. HP: 21/24 MP: 7/7
   661 | D:4      | Found a bloodstained altar of Trog.
  1203 | D:3      | Noticed Hebeh's ghost (amateur DEFE)
  1205 | D:3      | Found a runed door.
  1215 | D:3      | Killed Hebeh's ghost
  1215 | D:3      | Gained mutation: You have a pair of small horns on your head. [demonic ancestry]
  1215 | D:3      | Reached XP level 4. HP: 20/30 MP: 1/9
  1479 | D:3      | Found a shadowy altar of Dithmenos.
  1481 | D:3      | Found an opulent altar of Gozag.
  1481 | D:3      | Found a shimmering altar of Xom.
  1483 | D:3      | Found an opulent altar of Gozag.
  1483 | D:3      | Found a hide-covered altar of Uskayaw.
  1483 | D:3      | Found a sparkling altar of Nemelex Xobeh.
  1487 | D:3      | Gained mutation: A weak demonic guardian rushes to your aid. [demonic ancestry]
  1487 | D:3      | Reached XP level 5. HP: 33/35 MP: 10/10
  1663 | D:4      | Found a hide-covered altar of Uskayaw.
  1668 | D:4      | Noticed Blork the orc
  1820 | D:4      | Killed Blork the orc
  1853 | D:4      | Reached XP level 6. HP: 20/41 MP: 1/12
  1860 | D:4      | Learned a level 5 spell: Lee's Rapid Deconstruction
  1865 | D:4      | Learned a level 4 spell: Petrify
  2218 | D:5      | Entered Level 5 of the Dungeon
  2218 | D:5      | Found a shattered altar of Ashenzari.
  2220 | D:5      | Found a blossoming altar of Fedhas.
  2237 | D:5      | Became a worshipper of Ashenzari the Shackled
  2350 | D:5      | Reached skill level 5 in Spellcasting
  2350 | D:5      | Reached skill level 5 in Earth Magic
  2450 | D:2      | Gained mutation: You are mostly covered in slimy green scales. (AC +3) [demonic ancestry]
  2450 | D:2      | Reached XP level 7. HP: 39/46 MP: 14/14
  3864 | D:5      | Reached skill level 1 in Short Blades
  3950 | D:5      | Reached * piety under Ashenzari
  4050 | D:6      | Found Ruutt's Antique Weapon Emporium.
  4080 | D:6      | Bought a runed blowgun for 121 gold pieces
  4559 | D:7      | Found a sand-covered staircase.
  4568 | Ossuary  | Entered an ossuary
  4635 | Ossuary  | Reached XP level 8. HP: 52/52 MP: 1/17
  5022 | D:6      | Noticed Grinder
  5026 | D:6      | Killed Grinder
  5300 | D:7      | Mangled by an orc warrior

Vault maps used:
D:1:      nzn_arrival_settlement
D:3:      zin_academy, doesnt_xom_only_xom, ebering_ghost_reflecting_pool
D:4:      eat_drink_and_be_merry_uskayaw, marbit_many_paths,
          minmay_misc_feat_four_crosses, uniq_blork_the_orc
D:5:      grunt_temple_overflow_open, first_ration
D:6:      serial_shops, shop, uniq_grinder
D:7:      gammafunk_temple_overflow_wave, minmay_temple_entry_fiery,
          nicolae_ossuary_entry_ruins, hangedman_abyss_or_decor_stabs,
          grunt_livestock, uniq_menkaure
Ossuary:  minmay_ossuary_gauntlet

Skill      XL: |  1  2  3  4  5  6  7  8 |
---------------+-------------------------+-----
Dodging        | 2 |  2.4
Stealth        | 2 |  2.0
Transmutations | 1 |  1.0
Spellcasting   | 3 4 5 6 7 |  7.5
Earth Magic    | 3 4 5 6 7 |  7.5
Short Blades   | 2 |  2.0

Action                   |  1- 3 |  4- 6 |  7- 9 || total
-------------------------+-------+-------+-------++-------
Melee: Unarmed           |    36 |       |       ||    36
       Long sword        |    34 |    31 |    89 ||   154
       Headbutt          |       |     9 |    24 ||    33
       Dagger            |       |       |    31 ||    31
Throw: Stone             |     1 |       |       ||     1
 Cast: Sandblast         |    33 |    34 |   101 ||   168
       Passwall          |     3 |       |       ||     3
  Use: Scroll            |     4 |     2 |    13 ||    19
       Potion            |     2 |       |       ||     2
 Stab: Sleeping          |     1 |       |     6 ||     7
  Eat: Chunk             |     1 |     5 |     9 ||    15
Armor: Robe              |     7 |       |       ||     7
       Leather armour    |    44 |    24 |    89 ||   157
Dodge: Dodged            |   100 |    41 |   133 ||   274
       Rpst.: Long sword |    16 |    12 |    26 ||    54

Table legend:
 A = Spawn XP
 B = Non-spawn XP
 C = Spawn XP percentage of total XP
 D = Spawn monster count
 E = Non-spawn monster count
 F = Spawn count percentage of total count
 G = Total turns spent on level
                    A         B        C        D         E        F      G
               +---------+---------+-------+---------+---------+-------+---------
         Total |       0 |    2599 |   0.0 |       0 |     138 |   0.0 |  5300
               +---------+---------+-------+---------+---------+-------+---------
           D:1 |       0 |      35 |   0.0 |       0 |      18 |   0.0 |   617
           D:2 |       0 |      79 |   0.0 |       0 |      22 |   0.0 |   852
           D:3 |       0 |     171 |   0.0 |       0 |      20 |   0.0 |  1181
           D:4 |       0 |     287 |   0.0 |       0 |      23 |   0.0 |  1005
           D:5 |       0 |     506 |   0.0 |       0 |      12 |   0.0 |   518
           D:6 |       0 |     892 |   0.0 |       0 |      20 |   0.0 |   716
           D:7 |       0 |     340 |   0.0 |       0 |       7 |   0.0 |   145
       Ossuary |       0 |     289 |   0.0 |       0 |      16 |   0.0 |   266
               +---------+---------+-------+---------+---------+-------+---------
